 Dungeon Crawl Stone Soup version 0.31-a0-949-g57150269e1 (webtiles) character file.

Game seed: 17938689137500483543

198 skwerlee the Chopper (level 5, -1/47 HPs)
             Began as a Minotaur Berserker on Oct 22, 2023.
             Was a Priest of Trog.
             Succumbed to an orc's poison
             ... on level 3 of the Dungeon.
             The game lasted 00:03:42 (2139 turns).

skwerlee the Chopper (Minotaur Berserker)           Turns: 2139, Time: 00:03:43

Health: -1/47      AC:  5    Str: 24    XL:     5   Next: 47%
Magic:  4/4        EV: 12    Int:  4    God:    Trog [***...]
Gold:   59         SH:  0    Dex:  9    Spells: 4/4 levels left

rFire   . . .        a - +0 hand axe
rCold   . . .        (no shield)
rNeg    . . .        b - +0 animal skin
rPois   .            (helmet restricted)
rElec   .            g - +2 cloak
rCorr   .            (no gloves)
SInv    .            (no boots)
Will    +....        (no amulet)
Stlth   +            l - ring of willpower
HPRegen 0.27/turn    (no ring)
MPRegen 0.09/turn

%: no passive effects
@: lethally poisoned (-1 -> -12)
A: horns 2, retaliatory headbutt
a: Renounce Religion, Berserk, Trog's Hand


You were on level 3 of the Dungeon.
You worshipped Trog.
Trog was most pleased with you.
You visited 1 branch of the dungeon, and saw 3 of its levels.

You collected 59 gold pieces.

Inventory:

Hand Weapons
 a - a +0 hand axe (weapon)
Armour
 b - a +0 animal skin (worn)
 g - a +2 cloak (worn)
Jewellery
 l - a ring of willpower (left hand)
Scrolls
 c - a scroll of fog {unknown}
 d - 2 scrolls of torment
 e - a scroll of identify
 i - 2 scrolls of teleportation
Potions
 f - a potion of cancellation {unknown}
 h - a potion of degeneration {unknown}
 j - a potion of might {unknown}
 k - a potion of attraction {unknown}


   Skills:
 + Level 4.8 Fighting
 + Level 5.8 Axes
 + Level 2.5 Armour
 + Level 3.4 Dodging
 + Level 1.0 Stealth


You had 4 spell levels left.
You didn't know any spells.
Your spell library was empty.

Dungeon Overview and Level Annotations

Branches:
Dungeon (3/15)

Altars:
Kikubaaqudgha


Innate Abilities, Weirdness & Mutations

You have a pair of horns on your head.
You reflexively headbutt those who attack you in melee.


Message History

The goblin shouts!
Your headbutt misses the orc.
The orc is heavily wounded.
You feel very sick. The orc hits you but does no damage.
You are more poisoned.
You completely miss the orc.
The orc is heavily wounded.
You feel very sick.
The orc hits you with a +2 trident of venom.
You are more poisoned.
You hit the orc.
The orc is almost dead.
You feel very sick. The orc barely misses you.
You closely miss the orc.
The orc is almost dead.
You feel very sick.
The orc hits you with a +2 trident of venom.
You are lethally poisoned!
You slash the orc!
You kill the orc!
Trog accepts your kill.
* * * LOW HITPOINT WARNING * * *
You feel very sick.
You closely miss the goblin.
* * * LOW HITPOINT WARNING * * *
You feel very sick. The goblin barely misses you.
You slash the goblin!
You kill the goblin!
Trog accepts your kill.
* * * LOW HITPOINT WARNING * * *
You feel very sick.
* * * LOW HITPOINT WARNING * * *
You feel very sick.
Things that are here:
a +0 club; a +2 trident of venom
Found a sling.
You die...

...>...##.##.#.#.###.###
...#...................#
...#.####.##.#.#.###.#.
...#.####'##.#.#.#
...#.##....#.#.#.#
####.##....#.#.#)# .#
#.##....#.#.#)# .# #.
#....#.#.#)# .#
#....#.#.#@# .#
#....#............ .#
###+####.#........ .....
#.#######.) ####. . .#
#. #


There were no monsters in sight!

Vanquished Creatures
  A black bear (D:3)
  3 adders (D:2)
  A worm (D:2)
  2 dart slugs (D:1)
  5 orcs (D:3)
  5 endoplasms
  3 giant cockroaches
  11 goblins
  4 hobgoblins
  8 kobolds
  3 quokkas
  6 ball pythons
  6 bats
  4 frilled lizards (D:1)
  8 rats
70 creatures vanquished.

Vanquished Creatures (others)
  A human (D:3)
1 creature vanquished.

Grand Total: 71 creatures vanquished

Notes
Turn   | Place    | Note
-------+----------+-------------------------------------------
     0 | D:1      | skwerlee the Minotaur Berserker began the quest for the
                  | Orb.
     0 | D:1      | Reached XP level 1. HP: 19/19 MP: 0/0
   208 | D:1      | Reached XP level 2. HP: 26/27 MP: 1/1
   231 | D:1      | Reached skill level 4 in Axes
   443 | D:1      | Reached ** piety under Trog
   684 | D:1      | Reached XP level 3. HP: 31/33 MP: 2/2
  1396 | D:2      | Reached XP level 4. HP: 41/41 MP: 3/3
  1501 | D:2      | Reached skill level 5 in Axes
  1873 | D:3      | Reached *** piety under Trog
  1887 | D:3      | Noticed a black bear
  1898 | D:3      | Killed a black bear
  1899 | D:3      | Reached skill level 1 in Stealth
  1899 | D:3      | Reached XP level 5. HP: 44/47 MP: 4/4
  2080 | D:3      | Found an ancient bone altar of Kikubaaqudgha.
  2082 | D:3      | Noticed a human
  2083 | D:3      | Killed a human
  2138 | D:3      | HP: 1/47 [poisoned by an orc]
  2139 | D:3      | Succumbed to an orc's poison

Illustrated notes

Levels and vault maps discovered:
D:1:      dpeg_arrival_subterranean_lakeside_camping, layout_basic
D:2:      layout_basic
D:3:      layout_basic, tgw_kikubaaqudgha, serial_shops, shop, st_stairs_14,
          chequers_garden, uniq_robin

Skill      XL: |  1  2  3  4 |
---------------+-------------+-----
Fighting       | 4 |  4.8
Axes           | 4 5 |  5.8
Dodging        | 3 |  3.4
Stealth        | 1 |  1.0
Armour         | |  2.5

Action                     |  1- 3 |  4- 6 || total
---------------------------+-------+-------++-------
  Melee: Hand axe          |   103 |    59 ||   162
         Headbutt          |    10 |     7 ||    17
 Invoke: Berserk           |       |     1 ||     1
    Use: Scroll            |       |     2 ||     2
   Stab: Sleeping          |     1 |       ||     1
 Armour: Animal skin       |    53 |    38 ||    91
  Dodge: Dodged            |    75 |    43 ||   118

Table legend: (Time is in decaauts)
 A = Elapsed time spent in this place.
 B = Non-inter-level travel time spent in this place.
 C = Inter-level travel time spent in this place.
 D = Time resting spent in this place.
 E = Time spent auto-exploring this place.
 F = Levels seen in this place.
 G = Mean time per level.
                   A        B        C        D        E       F      G
               +--------+--------+--------+--------+--------+-----+--------+
         Total |   2155 |   2132 |     23 |    290 |   1445 |   3 |  718.3 |
       Dungeon |   2155 |   2132 |     23 |    290 |   1445 |   3 |  718.3 |
               +--------+--------+--------+--------+--------+-----+--------+

Top non-repeatable levels by time:
     D:1: 1104 daAuts
     D:2: 738 daAuts
     D:3: 312 daAuts
